AoeStats
← Chiripa605

Lombardia

508669623Analyzed
3v3 RM · 8d ago on Sep 23, 2026· 74m 35s· 6 players
Game mode
Random Map
Map size
Normal (6 player)
Population
200
Speed
Normal
Resources
Standard
Victory
Conquest
Starting age
Dark Age
Ending age
Imperial Age
RankedLock teamsTeams togetherTeam positionsShared explorationLock speedFull tech treeHidden civsTurbo modeCheats
Victory
Defeat
🇫🇮 Cumans · Finland
1463
+15
🇺🇸 Hindustanis · United States
1454
+16
🇩🇪 Varangians · Germany
1417
+17
🇦🇷 Italians · Argentina
1449
-16
🇹🇼 Poles · Taiwan
1448
-16
🇹🇼 Teutons · Taiwan
1445
-16
mung bean cake
7:30 Loom
9:31 Feudal Age
10:11 Double-Bit Axe
10:07 Horse Collar
13:52 Wheelbarrow
14:15 Scale Barding Armor
16:47 Forging
22:29 Castle Age
21:01 Bloodlines
21:08 Gold Mining
23:07 Light Cavalry
24:20 Heavy Plow
24:35 Bow Saw
24:22 Light Cavalry
26:25 Chain Barding Armor
27:26 Husbandry
29:50 Fletching
30:39 Bodkin Arrow
30:33 Crossbowman
34:30 Hand Cart
37:44 Imperial Age
37:26 Thumb Ring
37:42 Ballistics
38:05 Arbalester
38:47 Bracer
39:48 Caravan
39:50 Town Watch
41:45 Iron Casting
41:31 Winged Hussar
43:08 Crop Rotation
44:27 Chemistry
44:29 Blast Furnace
44:14 Masonry
44:06 Scale Mail Armor
48:31 Lechitic Legacy
48:31 Conscription
54:30 Town Patrol
57:23 Padded Archer Armor
67:19 Scale Mail Armor
67:35 Leather Archer Armor
詠詩詩詩
7:28 Loom
10:25 Feudal Age
15:17 Castle Age
16:30 Double-Bit Axe
17:10 Town Watch
18:11 Bow Saw
17:42 Horse Collar
21:32 Wheelbarrow
24:13 Caravan
26:59 Hand Cart
27:34 Stone Mining
31:05 Imperial Age
30:17 Fletching
30:55 Silk Road
32:04 Bodkin Arrow
33:12 Chemistry
33:18 Ballistics
33:26 Bracer
33:27 Padded Archer Armor
34:22 Elite Genoese Crossbowman
38:09 Leather Archer Armor
39:40 Ring Archer Armor
39:37 Thumb Ring
39:15 Treadmill Crane
39:46 Masonry
41:00 Conscription
44:11 Architecture
44:05 Bombard Tower
44:08 Fortified Wall
49:25 Fortified Wall
49:48 Architecture
50:48 Hoardings
52:18 Pirotechnia
52:31 Bombard Tower
52:58 Stone Shaft Mining
54:42 Forging
54:33 Scale Mail Armor
57:21 Squires
57:38 Chain Mail Armor
57:59 Iron Casting
56:56 Onager
64:22 Plate Mail Armor
64:53 Blast Furnace
72:49 Two-Man Saw
71:51 Heavy Plow
嘎人
6:20 Loom
8:53 Feudal Age
9:23 Double-Bit Axe
10:39 Man-at-Arms
12:10 Arson
20:04 Castle Age
18:26 Horse Collar
18:40 Gold Mining
20:17 Stone Mining
21:10 Scale Barding Armor
22:32 Bow Saw
22:27 Heavy Plow
23:53 Squires
25:12 Pikeman
26:14 Scale Mail Armor
27:15 Chain Mail Armor
29:05 Town Watch
32:16 Wheelbarrow
35:24 Long Swordsman
40:02 Imperial Age
40:02 Cavalier
41:04 Chain Barding Armor
43:05 Plate Barding Armor
41:54 Paladin
45:03 Fletching
45:37 Bloodlines
47:31 Forging
58:00 Hand Cart
60:15 Iron Casting
64:39 Blast Furnace
65:42 Conscription
Chiripa605
10:11 Feudal Age
8:30 Loom
10:53 Feudal Age
15:36 Castle Age
13:45 Double-Bit Axe
17:03 Bow Saw
21:23 Wheelbarrow
21:12 Horse Collar
23:19 Bloodlines
25:04 Heavy Plow
25:31 Husbandry
25:48 Scale Barding Armor
27:15 Chain Barding Armor
27:31 Forging
28:07 Gold Mining
28:07 Stone Mining
30:22 Iron Casting
31:09 Hand Cart
34:44 Imperial Age
32:40 Scale Mail Armor
32:44 Squires
33:36 Chain Mail Armor
33:11 Arson
35:46 Conscription
36:31 Chemistry
36:43 Two-Man Saw
36:47 Blast Furnace
36:35 Padded Archer Armor
37:40 Shatagni
38:53 Light Cavalry
41:10 Plate Barding Armor
40:50 Leather Archer Armor
40:48 Elite Ghulam
42:00 Grand Trunk Road
44:42 Caravan
44:49 Siege Elephant
46:34 Heavy Camel Rider
50:39 Fletching
56:04 Hoardings
63:55 Bodkin Arrow
64:33 Ring Archer Armor
64:04 Hussar
66:19 Imperial Camel Rider
73:40 Ballistics
73:30 Masonry
Mizii
7:56 Loom
10:12 Feudal Age
10:46 Double-Bit Axe
11:30 Horse Collar
22:06 Castle Age
21:20 Wheelbarrow
21:29 Gold Mining
22:03 Bloodlines
21:59 Scale Barding Armor
22:24 Forging
22:58 Bow Saw
24:03 Hand Cart
24:32 Chain Barding Armor
25:58 Iron Casting
31:36 Imperial Age
32:02 Gold Shaft Mining
31:18 Stone Mining
31:54 Cavalier
33:31 Plate Barding Armor
33:14 Heavy Plow
34:32 Blast Furnace
34:55 Paladin
35:44 Fletching
37:50 Bodkin Arrow
38:59 Chemistry
38:31 Caravan
39:33 Two-Man Saw
41:10 Crop Rotation
41:39 Conscription
41:21 Padded Archer Armor
41:42 Masonry
41:28 Murder Holes
42:26 Capped Ram
43:34 Siege Ram
44:49 Leather Archer Armor
44:41 Thumb Ring
45:02 Parthian Tactics
45:03 Ballistics
45:55 Light Cavalry
46:56 Town Watch
46:57 Hussar
49:35 Ring Archer Armor
48:58 Heated Shot
52:55 Scale Mail Armor
52:16 Pikeman
52:56 Squires
52:42 Arson
52:22 Elite Kipchak
53:39 Hoardings
53:07 Cuman Mercenaries
53:07 Steppe Husbandry
54:08 Elite Skirmisher
55:43 Chain Mail Armor
56:14 Guilds
56:35 Coinage
56:21 Sappers
56:14 Crossbowman
56:15 Heavy Cavalry Archer
60:06 Halberdier
60:19 Onager
62:23 Plate Mail Armor
61:47 Siege Onager
64:02 Banking
70:50 Man-at-Arms
AncientKing
4:13 Loom
11:55 Feudal Age
17:23 Castle Age
15:17 Double-Bit Axe
17:05 Town Watch
21:37 Horse Collar
23:25 Wheelbarrow
25:55 Gold Mining
26:44 Bow Saw
28:49 Heavy Plow
29:47 Stone Mining
34:00 Imperial Age
31:49 Scale Barding Armor
31:56 Forging
32:30 Hand Cart
32:58 Stone Shaft Mining
35:06 Chain Barding Armor
35:23 Iron Casting
35:40 Bloodlines
35:31 Husbandry
35:32 Elite Jarl
37:13 Plate Barding Armor
36:46 Caravan
38:49 Blast Furnace
38:26 Conscription
40:00 Fletching
41:22 Two-Man Saw
42:05 Bodkin Arrow
43:12 Chemistry
42:24 Fortified Wall
42:36 Ballistics
42:27 Masonry
44:27 Treadmill Crane
45:33 Bracer
45:22 Vendel Legacy
45:28 Cavalier
50:02 Architecture
49:38 Siege Engineers
51:17 Light Cavalry
52:44 Murder Holes
52:24 Hussar
53:44 Crop Rotation
68:40 Coinage
Connection lost

Rejoining the realm…

Still unreachable

The connection could not be restored.

Session expired

The server has moved on; the page needs a fresh start.